 Dungeon Crawl Stone Soup version 0.18.1-48-g4cf74bf (webtiles) character file.

15361 RepoMan the Arsonist (level 11, -16/82 HPs)
             Began as a Demigod Fire Elementalist on Aug 23, 2016.
             Demolished by a freezing wraith (28 damage)
             ... in an ice cave.
             The game lasted 02:05:29 (14669 turns).

RepoMan the Arsonist (Demigod Fire Elementalist)   Turns: 14669, Time: 02:05:30

Health: -16/82     AC: 11    Str: 13    XL:     11   Next: 68%
Magic:  7/24       EV: 14    Int: 23    God:
Gold:   672        SH:  0    Dex: 16    Spells: 5 memorised, 10 levels left

rFire  . . .     SeeInvis .     s - +4 long sword
rCold  . . .     Gourm    .     C - +0 ring mail {MR+}
rNeg   . . .     Faith    .     (no shield)
rPois  +         Spirit   .     (no helmet)
rElec  .         Dismiss  .     (no cloak)
rCorr  +         Reflect  .     L - +2 pair of gloves
SustAt +         Harm     +     v - +0 pair of boots
MR     ++...                    x - amulet of harm
Stlth  +.........               k - ring of resist corrosion
                                n - ring of poison resistance

@: very resistant to hostile enchantments, very unstealthy
A: high mp 1, sustain attributes
a: no special abilities


You were in an ice cave.
You were not hungry.

You visited 3 branches of the dungeon, and saw 15 of its levels.
You also visited: Ice Cave.

You collected 672 gold pieces.

Inventory:

Hand Weapons
 s - a +4 long sword (weapon)
 F - a +0 blowgun
Missiles
 m - 5 javelins
 p - 3 needles of paralysis
 O - 6 needles of sleeping
 P - a throwing net (quivered)
Armour
 v - a +0 pair of boots (worn)
 C - a +0 ring mail of magic resistance (worn)
 L - a +2 pair of gloves (worn)
Jewellery
 a - an uncursed ring of positive energy
 k - a ring of resist corrosion (right hand)
 n - a ring of poison resistance (left hand)
 r - an uncursed ring of positive energy
 x - an amulet of harm (around neck)
Wands
 D - a wand of paralysis (0/24)
 E - a wand of disintegration (10/24)
 G - a wand of lightning (0/15)
 S - a wand of paralysis (9/24)
 V - a wand of confusion (28/48)
 W - a wand of digging (11/24)
Scrolls
 e - 7 scrolls of remove curse
 f - 2 scrolls of identify
 j - 2 scrolls of blinking
 Q - a scroll of fog
 U - 2 scrolls of teleportation
Potions
 d - 5 potions of lignification
 i - 2 potions of brilliance
 l - 2 potions of might
 u - 5 potions of curing
 z - a potion of berserk rage
 B - 2 potions of flight
 R - 2 potions of haste
 T - a potion of agility
Books
 b - a book of Flames

   Spells                             Type                      Level
   a - Flame Tongue                   Conjuration/Fire             1
   b - Throw Flame                    Conjuration/Fire             2
   c - Conjure Flame                  Conjuration/Fire             3
   d - Inner Flame                    Hexes/Fire                   3
   e - Sticky Flame                   Conjuration/Fire             4
   f - Fireball                       Conjuration/Fire             5
 y - a book of the Earth

   Spells                             Type                      Level
   a - Leda's Liquefaction            Hexes/Earth                  4
   b - Bolt of Magma                  Conjuration/Fire/Earth       5
   c - Statue Form                    Transmutation/Earth          6
   d - Iron Shot                      Conjuration/Earth            6
   e - Shatter                        Earth                        9
Comestibles
 c - 5 bread rations
 h - 7 royal jellies
 t - 4 meat rations


   Skills:
 + Level 3.6 Fighting
 - Level 5.7 Long Blades
 + Level 6.3 Armour
 + Level 6.4 Dodging
 - Level 1.7 Stealth
 + Level 6.5 Spellcasting
 + Level 7.3 Conjurations
 * Level 10.2 Fire Magic


You had 10 spell levels left.
You knew the following spells:

 Your Spells              Type           Power        Failure   Level  Hunger
a - Flame Tongue          Conj/Fire      #####        1%          1    None
c - Conjure Flame         Conj/Fire      #####...     1%          3    #......
f - Throw Flame           Conj/Fire      #####.       1%          2    None
i - Inner Flame           Hex/Fire       ####....     8%          3    #......
s - Sticky Flame          Conj/Fire      #####...     6%          4    ###....


Dungeon Overview and Level Annotations

Branches:
Dungeon (11/15)            Temple (1/1) D:6            Lair (3/8) D:10
    Orc (0/2) D:9
  Swamp: Lair:3-6    Shoals: Lair:3-6     Snake: Lair:3-6    Spider: Lair:3-6

Shops:
D:4 }

Annotations:
Lair:1 exclusion: 2 oklob plants


Innate Abilities, Weirdness & Mutations

You have an increased reservoir of magic (+10% MP).
Your attributes are resistant to harm.


Message History

The freezing wraith is moderately damaged.
Evoking this partially-identified wand wasted a few charges.
The freezing wraith hits you but does no damage.
The freezing wraith hits you! x2; The freezing wraith freezes you!
The freezing wraith hits you but does no damage.
Evoke which item? (* to show all) (? for menu, Esc to quit)
Zapping:
G - a wand of lightning {zapped: 6} (will waste charges)
Press: ? - help, Shift-Dir - straight line You hear a mighty clap of thunder!
The bolt of lightning hits the freezing wraith.
The freezing wraith is almost destroyed.
The bolt of lightning misses the freezing wraith. x2
Evoking this partially-identified wand wasted a few charges.
The freezing wraith hits you. The freezing wraith freezes you!
* * * LOW HITPOINT WARNING * * *
The freezing wraith hits you but does no damage.
The freezing wraith hits you!
* * * LOW HITPOINT WARNING * * *
The freezing wraith freezes you!!
You die...

##### .§# ##...###.##
##.....##W.#
#...#...#..#
#..####W...# ##..#
##...# ##..## ##.##
##WW.# ### ####
##.@..## #..## ####
#......#
....#####..####.....##
......##....##.......#
∩.∩.......#..........#
.........###.........#
....##..## ###......##
#..###### ##.....#
#### #......#


You could see 2 freezing wraiths.

Vanquished Creatures
  A hydra (Lair:1)
  A hill giant (D:10)
  The ghost of ohados the Martial Artist, a novice DsGl (D:6)
  A black mamba (Lair:2)
  A spiny frog (Lair:2)
  A rime drake (Lair:2)
  2 freezing wraiths (IceCv)
  A komodo dragon (Lair:2)
  A queen bee (D:10)
  A troll (D:10)
  A two-headed ogre (D:9)
  Prince Ribbit (D:6)
  The ghost of Anatei the Magician, an amateur DEFE of Sif Muna (D:4)
  11 yaks
  2 steam dragons
  2 hippogriffs (D:9)
  A hungry ghost (D:10)
  A death yak simulacrum (IceCv)
  Menkaure (D:4)
  2 wargs (D:10)
  7 water moccasins
  3 porcupines
  3 sky beasts
  Duvessa (D:6)
  4 orc warriors
  8 ice beasts
  5 phantoms
  2 black bears (D:8)
  6 wolves (Lair:2)
  2 ogres
  3 crocodiles
  2 big kobolds
  9 giant frogs
  Blork the orc (D:6)
  2 gnoll sergeants
  2 scorpions
  20 killer bees
  Dowan (D:6)
  A swamp dragon simulacrum (IceCv)
  An elephant simulacrum (IceCv)
  10 wights
  3 crimson imps
  2 howler monkeys (D:6)
  A centaur zombie (D:9)
  4 giant frog zombies
  3 jellies
  5 hounds
  3 orc priests
  2 giant frog skeletons (D:4)
  5 iguanas
  10 orc wizards
  9 worker ants
  A polar bear simulacrum (IceCv)
  A killer bee zombie (D:10)
  5 sheep (Lair:2)
  A hound skeleton (D:6)
  9 gnolls
  A howler monkey skeleton (D:9)
  21 river rats (Lair:2)
  9 adders
  4 shadow imps
  5 white imps (IceCv)
  4 oozes (D:2)
  An adder skeleton (D:6)
  2 adder zombies
  4 worms (D:3)
  2 dart slugs
  4 giant geckos
  19 orcs
  10 bats
  2 giant cockroaches
  9 goblins
  10 hobgoblins
  14 jackals
  3 quokkas
  2 ball pythons
  A ball python skeleton (D:4)
  5 giant newts
  A jackal skeleton (D:5)
  17 kobolds
  A quokka skeleton (D:5)
  8 rats
  A plant (Lair:2)
351 creatures vanquished.

Vanquished Creatures (others)
  7 fungi
  A plant (Lair:2)
8 creatures vanquished.

Grand Total: 359 creatures vanquished

Notes
Turn   | Place    | Note
--------------------------------------------------------------
     0 | D:1      | RepoMan the Demigod Fire Elementalist began the quest for the Orb.
     0 | D:1      | Reached XP level 1. HP: 14/14 MP: 5/5
   154 | D:1      | Reached skill level 1 in Conjurations
   268 | D:1      | Reached XP level 2. HP: 9/20 MP: 0/7
   602 | D:1      | Reached skill level 3 in Fire Magic
   835 | D:1      | Reached skill level 1 in Armour
  1152 | D:2      | Reached XP level 3. HP: 26/26 MP: 5/8
  1201 | D:2      | Found a faded altar to an unknown god.
  1358 | D:2      | Learned a level 2 spell: Throw Flame
  1832 | D:3      | Reached XP level 4. HP: 33/33 MP: 6/9
  1843 | D:3      | Learned a level 3 spell: Conjure Flame
  2421 | D:4      | Noticed a phantom
  2554 | D:4      | Killed a phantom
  2554 | D:4      | Reached XP level 5. HP: 38/38 MP: 0/11
  2601 | D:4      | Noticed Anatei's ghost (amateur DEFE)
  2673 | D:3      | Reached skill level 4 in Fire Magic
  2718 | D:4      | Reached skill level 1 in Long Blades
  2852 | D:4      | Learned a level 3 spell: Inner Flame
  2931 | D:4      | Reached XP level 6. HP: 41/45 MP: 9/12
  3123 | D:4      | Noticed Menkaure
  3128 | D:4      | Killed Menkaure
  3346 | D:4      | Found an oddly glowing altar of Pakellas.
  3347 | D:4      | Found Pakellas's Prime Provisions.
  3365 | D:4      | Killed Anatei's ghost
  3365 | D:4      | Reached XP level 7. HP: 26/50 MP: 0/14
  3642 | D:4      | Reached skill level 5 in Fire Magic
  3737 | D:5      | Entered Level 5 of the Dungeon
  3841 | D:5      | Found a white marble altar of Elyvilon.
  4001 | D:5      | Found a snail-covered altar of Cheibriados.
  4701 | D:6      | Reached XP level 8. HP: 54/57 MP: 0/16
  4703 | D:6      | Noticed Duvessa
  4811 | D:6      | Noticed Dowan
  4827 | D:6      | Killed Dowan
  4827 | D:6      | Killed Duvessa
  4991 | D:6      | Noticed Blork the orc
  5003 | D:6      | Killed Blork the orc
  5077 | D:6      | Reached skill level 6 in Fire Magic
  5574 | D:6      | Found a staircase to the Ecumenical Temple.
  5580 | Temple   | Entered the Ecumenical Temple
  5667 | D:6      | Noticed Prince Ribbit
  5676 | D:6      | Learned a level 4 spell: Sticky Flame
  5689 | D:6      | Killed Prince Ribbit
  5689 | D:6      | Reached XP level 9. HP: 62/62 MP: 9/18
  5735 | D:6      | Noticed ohados's ghost (novice DsGl)
  5804 | D:6      | Killed ohados's ghost
  6105 | D:6      | Reached skill level 7 in Fire Magic
  6431 | D:7      | Reached skill level 5 in Conjurations
  6691 | D:7      | Reached skill level 5 in Dodging
  7761 | D:8      | Reached skill level 5 in Armour
  8346 | D:8      | Reached XP level 10. HP: 61/69 MP: 15/21
  8673 | D:9      | Reached skill level 8 in Fire Magic
  8772 | D:9      | Reached skill level 5 in Spellcasting
  8809 | D:9      | Reached skill level 5 in Long Blades
  8981 | D:9      | Found a staircase to the Orcish Mines.
  9444 | D:9      | Got a dazzling chain mail
  9956 | D:10     | Entered Level 10 of the Dungeon
 10615 | D:10     | Noticed a hill giant
 10628 | D:10     | Killed a hill giant
 10807 | D:10     | Found a staircase to the Lair.
 10821 | D:10     | Reached skill level 1 in Fighting
 11267 | D:10     | Reached skill level 9 in Fire Magic
 11304 | D:10     | Reached XP level 11. HP: 75/78 MP: 7/23
 11403 | D:10     | Got a translucent war axe
 11584 | Lair:1   | Entered Level 1 of the Lair of Beasts
 11768 | Lair:1   | Noticed a four-headed hydra
 11782 | Lair:1   | Killed a four-headed hydra
 12502 | Lair:1   | Identified the cursed +0 chain mail of Ugoponay {rF+ rC- Regen+} (You took it off a goblin on level 9 of the Dungeon)
 13622 | Lair:2   | Reached skill level 10 in Fire Magic
 14289 | Lair:3   | Found a frozen archway.
 14356 | IceCv    | Entered an ice cave
 14669 | IceCv    | Demolished by a freezing wraith

Skill      XL: |  1  2  3  4  5  6  7  8  9 10 11 |
---------------+----------------------------------+-----
Dodging        | 2 3 4 5 6 |  6.4
Conjurations   | 1 2 3 4 5 6 7 |  7.3
Fire Magic     | 3 4 5 6 7 9 10 | 10.2
Armour         | 1 2 3 4 5 6 |  6.3
Spellcasting   | 2 3 4 5 6 |  6.5
Long Blades    | 1 2 3 4 5 |  5.7
Fighting       | 1 3 |  3.6
Stealth        | |  1.7

Action                   |  1- 3 |  4- 6 |  7- 9 | 10-12 || total
-------------------------+-------+-------+-------+-------++-------
Melee: Unarmed           |    19 |       |       |       ||    19
       Falchion          |       |    46 |    67 |       ||   113
       Long sword        |       |       |    56 |   124 ||   180
Throw: Javelin           |       |       |       |     3 ||     3
       Throwing net      |       |       |       |     1 ||     1
 Cast: Flame Tongue      |    81 |    91 |   233 |   209 ||   614
       Throw Flame       |       |     3 |     9 |     2 ||    14
       Conjure Flame     |       |     1 |    13 |    30 ||    44
       Inner Flame       |       |       |    15 |    25 ||    40
       Sticky Flame      |       |       |    12 |    49 ||    61
Evoke: Wand              |       |       |    13 |     7 ||    20
  Use: Scroll            |       |       |     9 |    16 ||    25
       Potion            |       |       |     1 |     2 ||     3
 Stab: Paralysed         |       |       |     3 |       ||     3
       Sleeping          |       |       |     1 |     1 ||     2
       Distracted        |       |       |       |     1 ||     1
  Eat: Chunk             |     4 |     5 |    11 |    22 ||    42
       Fruit             |       |     1 |     2 |       ||     3
       Bread ration      |       |       |     2 |       ||     2
       Royal jelly       |       |       |       |     1 ||     1
Armor: Leather armour    |    11 |    34 |    32 |       ||    77
       Ring mail         |       |       |    33 |    93 ||   126
Dodge: Dodged            |    27 |    59 |   149 |   171 ||   406
